Map: Frostline LE

Players

wootwoot - Winner!

  • Race: Zerg Zerg
  • League: Diamond
  • Spawn Location: 1:00

Phocas

  • Race: Protoss Protoss
  • League: Diamond
  • Spawn Location: 7:00

VOD

Have the link to the VOD?

Description

Time

  • Played on: April 23, 2025, 5:50 a.m.
  • Length: 4:19
Show
View Real Time Build Order
Export as new Build Order

wootwoot Zerg - Winner!

Build Orders: Hatch First 

Get SALT Encoding   

  12  0:00  Drone  
  13  0:12  Overlord  
  13  0:17  Drone  
  14  0:31  Drone x2  
  16  0:46  Hatchery  
  16  0:50  Drone  
  16  0:54  Drone  
  17  0:57  Drone  
  17  0:59  Extractor  
  17  1:13  Spawning Pool  
  17  1:16  Drone  
  17  1:20  Drone  
  18  1:28  Drone  
  19  1:39  Overlord  
  19  2:00  Metabolic Boost  
  19  2:01  Queen  
  19  2:02  Queen  
  19  2:04  Zergling x2  
  19  2:08  Zergling x2  
  25  2:11  Zergling x2  
  25  2:14  Zergling x2  
  27  2:19  Zergling x2  
  28  2:26  Baneling Nest  
  28  2:27  Drone  
  28  2:30  Zergling x2  
  28  2:34  Zergling x2  
  30  2:37  Zergling x2  
  31  2:47  Zergling x4  
  33  2:52  Zergling x2  
  33  2:54  Zergling x2  
  35  3:03  Zergling x2  
  36  3:07  Overlord  
  36  3:12  Baneling  
  36  3:13  Baneling x5  
  36  3:26  Zergling x8  
  39  3:38  Zergling x4  
  39  3:39  Zergling x4  
  38  3:48  Zergling x4  
  38  3:49  Zergling x2  
  38  3:50  Zergling x2  
  38  3:52  Zergling x2  
  39  4:00  Zergling x4  
Show
View Real Time Build Order
Export as new Build Order

Phocas Protoss 

Build Orders:  

Get SALT Encoding   

  12  0:02  Probe  
  13  0:14  Probe  
  13  0:17  Pylon  
  14  0:26  Probe  
  15  0:35  Probe  
  15  0:36  Gateway  
  16  0:44  Probe  
  16  0:45  Assimilator  
  17  0:55  Probe  
  18  1:04  Probe  
  19  1:12  Probe  
  20  1:24  Cybernetics Core  
  20  1:26  Probe  
  20  1:28  Pylon  
  21  1:47  Nexus  
  21  1:50  Probe  
  22  1:57  Assimilator  
  22  2:01  Sentry  
  24  2:02  Probe  
  25  2:09  Warp Gate  
  25  2:14  Probe  
  26  2:21  Pylon  
  26  2:24  Adept  
  26  2:26  Probe  
  29  2:38  Probe  
  30  2:50  Probe  
  31  2:55  Gateway  
  31  2:57  Gateway  
  31  2:59  Shield Battery  
  31  3:00  Probe  
  31  3:03  Probe  
  33  3:10  Stalker  
  33  3:13  Probe  
  33  3:15  Probe  
  37  3:20  Twilight Council  
  37  3:25  Probe  
  21  4:04  Adept  
Tags
 
Matchup
PvZ
Replay Pack
#1B2M-Replays
Spawn Locations
Cross Positions
Add a new tag
Caveats
  • Supply blocks, unpowered buildings, or Contaminate may cause inaccurate times.
  • Supply counts are checked every 10 seconds.